 Dungeon Crawl Stone Soup version 0.21-a0-221-gfe971b9 (webtiles) character file.

266 Banto the Charmwright (level 6, -1/66 HPs)
             Began as a Demonspawn Skald on Aug 24, 2017.
             Slain by a scorpion (2 damage)
             ... on level 3 of the Dungeon.
             The game lasted 00:05:05 (3566 turns).

Banto the Charmwright (Demonspawn Skald)            Turns: 3566, Time: 00:05:05

Health: -1/66      AC: 23    Str: 13    XL:     6   Next: 0%
Magic:  8/9        EV:  2    Int: 16    God:
Gold:   161        SH:  0    Dex: 18    Spells: 8/9 levels left

rFire    . . .     SeeInvis .   f - -2 short sword (curse)
rCold    . . .     Gourm    .   (no shield)
rNeg     + + +     Faith    .   (armour currently unavailable)
rPois    +         Spirit   .   (helmet currently unavailable)
rElec    .         Reflect  .   (cloak currently unavailable)
rCorr    .         Harm     .   (gloves currently unavailable)
MR       .....     NoTele   +   (boots currently unavailable)
Stlth    +++.......             (no amulet)
HPRegen  0.21/turn              s - +2 ring of strength
MPRegen  0.11/turn              g - ring of flight

@: agile, tree-form
A: powered by pain 1
a: no special abilities


You were on level 3 of the Dungeon.
You were hungry.
You were a tree.
You visited 1 branch of the dungeon, and saw 4 of its levels.

You collected 161 gold pieces.

Inventory:

Hand Weapons
 f - a cursed -2 short sword (weapon)
 h - a +0 dagger of venom
Armour
 b - a +0 leather armour (melded)
 v - a +0 helmet
 z - a +0 pair of gloves
Jewellery
 g - a ring of flight (right branch)
 s - a +2 ring of strength (left branch)
Wands
 x - a wand of polymorph (14/24)
Scrolls
 o - 2 scrolls of remove curse
 q - a scroll of teleportation
 w - 2 scrolls of random uselessness
 y - a scroll of blinking
Potions
 a - a potion of brilliance
 e - 2 potions of lignification
 j - a potion of agility
 l - a potion of curing {unknown}
 m - a potion of might {unknown}
 n - a potion of degeneration {unknown}
 r - 3 potions of haste {unknown}
 t - 2 potions of ambrosia {unknown}
 u - 2 potions of heal wounds {unknown}
Books
 c - a book of Battle

   Spells                             Type                      Level
   a - Infusion                       Charms                       1
   b - Shroud of Golubria             Charms/Translocation         2
   c - Song of Slaying                Charms                       2
   d - Spectral Weapon                Hexes/Charms                 3
   e - Regeneration                   Charms/Necromancy            3
Comestibles
 d - 3 bread rations
 i - 3 royal jellies
 k - 2 meat rations


   Skills:
 - Level 2.0 Fighting
 + Level 4.3 Short Blades
 - Level 0.8 Armour
 - Level 1.7 Dodging
 - Level 2.0 Spellcasting
 + Level 4.5 Charms


You had 8 spell levels left.
You knew the following spells:

 Your Spells              Type           Power        Failure   Level  Hunger
a - Infusion              Chrm           ###.         3%          1    #......


Dungeon Overview and Level Annotations

Branches:
Dungeon (4/15)
 Temple: D:4-7

Altars:
Cheibriados
Trog
Xom


Innate Abilities, Weirdness & Mutations

((You are mostly covered in yellow scales. (AC +3)))
You sometimes gain a little power by taking damage.


Message History

You hit the scorpion but do no damage.
The scorpion is almost dead.
The scorpion barely misses you.
You barely miss the scorpion.
The scorpion is almost dead.
The scorpion barely misses you.
You hit the scorpion but do no damage.
The scorpion is almost dead.
The scorpion stings you.
* * * LOW HITPOINT WARNING * * *
You take 5 damage, and have 1/44 hp.
You turn into a tree.
Your +0 leather armour melds into your body.
Your roots penetrate the ground.
The scorpion stings you but does no damage.
You now have 1/66 hp.
You hit the scorpion but do no damage.
The scorpion is almost dead.
The scorpion stings you.
You die...

#.......#.# ##.......#.####..
#.......#.#####......#........#
#.............)............####
#.......#.###.)......###...####
#.............[..##### #.....##
#...............## ##.##...
######....#..#..# #.##.#.
#..#.#..##.##### #......
####.##(s♣.....# #......
#.##.###....#####.).... #....#
####.......##### #.####
####.#..## ### #.....####
###......# ##...... ###....
#....


You could see a scorpion.

Vanquished Creatures
  2 jellies (D:2)
  An orc priest (D:4)
  Natasha (D:4)
  Terence (D:3)
  6 adders
  An adder skeleton (D:4)
  3 dart slugs
  2 leopard geckos
  2 orcs
  3 giant cockroaches
  6 goblins
  9 hobgoblins
  An iguana (D:2)
  9 jackals
  7 kobolds
  A ball python (D:3)
  3 bats
  A frilled lizard (D:3)
  6 rats
65 creatures vanquished.

Notes
Turn   | Place    | Note
-------+----------+-------------------------------------------
     0 | D:1      | Banto the Demonspawn Skald began the quest for the Orb.
     0 | D:1      | Reached XP level 1. HP: 16/16 MP: 3/3
   314 | D:1      | Gained mutation: You are partially covered in yellow scales. (AC +2) [demonic ancestry]
   314 | D:1      | Reached XP level 2. HP: 14/22 MP: 3/5
  1094 | D:2      | Reached XP level 3. HP: 22/27 MP: 1/6
  1186 | D:2      | Found a snail-covered altar of Cheibriados.
  1304 | D:2      | Found a shimmering altar of Xom.
  1518 | D:2      | Gained mutation: You sometimes gain a little power by taking damage. [demonic ancestry]
  1518 | D:2      | Reached XP level 4. HP: 31/33 MP: 3/7
  2193 | D:2      | Reached XP level 5. HP: 38/38 MP: 8/8
  2354 | D:3      | Noticed Terence
  2381 | D:3      | Killed Terence
  2812 | D:4      | Noticed Natasha
  2821 | D:4      | Killed Natasha
  3212 | D:4      | Found a bloodstained altar of Trog.
  3349 | D:4      | Gained mutation: You are mostly covered in yellow scales. (AC +3) [demonic ancestry]
  3349 | D:4      | Reached XP level 6. HP: 42/44 MP: 9/9
  3564 | D:3      | HP: 1/44 [scorpion (5)]
  3566 | D:3      | Slain by a scorpion

Vault maps used:
D:1:      dpeg_arrival_rooms_c
D:2:      overflow_temple_1_default, dk_xom_monty_hall
D:3:      uniq_terence, uniq_crazy_yiuf_cottage
D:4:      first_bread, minmay_statues_item, trog_book, uniq_natasha

Skill      XL: |  1  2  3  4  5 |
---------------+----------------+-----
Short Blades   | 2 3 4 |  4.3
Charms         | 3 4 |  4.5
Fighting       | |  2.0
Armour         | |  0.8
Dodging        | |  1.7
Spellcasting   | |  2.0

Action                   |  1- 3 |  4- 6 || total
-------------------------+-------+-------++-------
Melee: Short sword       |    96 |    19 ||   115
       Dagger            |    34 |   104 ||   138
Throw: Javelin           |       |     8 ||     8
 Cast: Infusion          |    11 |     7 ||    18
  Use: Scroll            |     6 |     3 ||     9
       Potion            |       |     1 ||     1
 Stab: Distracted        |       |     1 ||     1
  Eat: Chunk             |     2 |     6 ||     8
Armor: Leather armour    |    49 |    40 ||    89
       Skin              |       |     1 ||     1
Dodge: Dodged            |    88 |    67 ||   155

Table legend:
 A = Spawn XP
 B = Non-spawn XP
 C = Spawn XP percentage of total XP
 D = Spawn monster count
 E = Non-spawn monster count
 F = Spawn count percentage of total count
 G = Total turns spent on level
                    A         B        C        D         E        F      G
               +---------+---------+-------+---------+---------+-------+---------
         Total |      21 |     360 |   5.5 |       6 |      59 |   9.2 |  3566
               +---------+---------+-------+---------+---------+-------+---------
           D:1 |       1 |      34 |   2.9 |       1 |      17 |   5.6 |  1008
           D:2 |       1 |     160 |   0.6 |       1 |      23 |   4.2 |  1245
           D:3 |      19 |      82 |  18.8 |       4 |      15 |  21.1 |   833
           D:4 |       0 |      84 |   0.0 |       0 |       4 |   0.0 |   480
               +---------+---------+-------+---------+---------+-------+---------

Table legend:
 A = Turns spent in this place as a percentage of turns spent in the entire game.
 B = Non-inter-level travel turns spent in this place as a percentage of non-inter-level travel turns spent in the entire game.
 C = Inter-level travel turns spent in this place as a percentage of turns spent in this place.
 D = Turns resting spent in this place as a percentage of non-inter-level travel turns spent in this place.
 E = Turns spent auto-exploring this place as a percentage of non-inter-level travel turns spent in this place.
 F = Non-inter-level travel turns spent in this place divided by the number of levels of this place that you've seen.
                   A       B       C       D       E      F
               +-------+-------+-------+-------+-------+----------------------
         Total | 100.0 | 100.0 |   1.6 |  39.4 |  38.6 | 877.2
       Dungeon | 100.0 | 100.0 |   1.6 |  39.4 |  38.6 | 877.2
               +-------+-------+-------+-------+-------+----------------------

Table legend:
 A = Kills in this place as a percentage of kills in entire the game.
 B = Kills by you in this place as a percentage of kills by you in the entire game.
 C = Kills by friends in this place as a percentage of kills by friends in the entire game.
 D = Other kills in this place as a percentage of other kills in the entire game.
 E = Experience gained in this place as a percentage of experience gained in the entire game.
 F = Experience gained in this place divided by the number of levels of this place that you have seen.
                   A       B       C       D       E      F
               +-------+-------+-------+-------+-------+----------------------
         Total | 100.0 | 100.0 |   N/A |   N/A | 100.0 |  95.2
       Dungeon | 100.0 | 100.0 |   N/A |   N/A | 100.0 |  95.2
               +-------+-------+-------+-------+-------+----------------------
